[Event "Pervenstvo PFO 2023_Y19_Rapid"]
[Site "Samara region, Russia"]
[Date "2023.11.11"]
[Round "8.6"]
[White "Evtukhov, Lev"]
[Black "Babkov, Timofey"]
[Result "1/2-1/2"]
[TimeControl "10:5"]
[WhiteFideId "44173210"]
[BlackFideId "54135931"]
[WhiteElo "1923"]
[BlackElo "1855"]

1. d4 Nc6 2. d5 Ne5 3. Nf3 d6 4.
Nxe5 dxe5 5. e4 a6 6. c4 Nf6 7. Nc3 e6 8. Be2 exd5 9. cxd5 Be7 10. Be3 O-O 11. O-O b5 12. f3 Bb7 13.
Rc1 c6 14. dxc6 Bxc6 15. Qb3 Rc8 16. Rfd1 Qa5 17. a3 Rfd8 18. g3 h6 19. Bf1 Rxd1 20. Rxd1 Rd8 21. Na2 Bd7 22. Qc3 Qxc3 23.
Nxc3 Be6 24. Rxd8+ 1/2-1/2

[Event "Pervenstvo PFO 2023_Y19_Rapid"]
[Site "Samara region, Russia"]
[Date "2023.11.11"]
[Round "8.7"]
[White "Gimazetdinov, Amir"]
[Black "Azizyan, Levon"]
[Result "1-0"]
[TimeControl "10:5"]
[WhiteFideId "54142440"]
[BlackFideId "44151888"]
[WhiteElo "1749"]
[BlackElo "1940"]

1. Nf3 Nf6 2. c4 e6 3. e3 d5 4.
b3 Be7 5. Bb2 O-O 6. Be2 dxc4 7.
bxc4 c5 8. O-O Nc6 9. Nc3 b6 10. d4 cxd4 11. exd4 Bb7 12. h3 Rc8 13. Rc1 Qd7 14. Qd2 Rfd8 15. Rfd1 Na5 16. Ne5 Qe8 17. Qe3 Nd7 18. Nxd7 Qxd7 19.
Ne4 Qa4 20. d5 Nxc4 21. Bxc4 Rxc4 22. Qg3 Bf8 23. Nf6+ Kh8 24. Nh5 f6 25. Nxf6 Rxc1 26. Rxc1 Qxa2 27. Qh4 h6 28. Qe4 gxf6 29. Bxf6+ Bg7 30. Bxg7+ Kxg7 31. Rc7+ Kf6 32. Qxe6+ Kg5 33. Rg7+ Bc8 1-0

[Event "Pervenstvo PFO 2023_Y19_Rapid"]
[Site "Samara region, Russia"]
[Date "2023.11.11"]
[Round "8.8"]
[White "Davydov, Dmitriy"]
[Black "Berezin, Zachar"]
[Result "0-1"]
[TimeControl "10:5"]
[WhiteFideId "54185580"]
[BlackFideId "44139322"]
[WhiteElo "1573"]
[BlackElo "1658"]

1. Nf3 Nf6 2. g3 b5 3.
Bg2 Bb7 4. O-O e6 5. d3 Be7 6. e4 d6 7. Nbd2 O-O 8. a4 b4 9. c3 c5 10. Re1 Qc7 11. Qb3 a5 12. Nc4 Nbd7 13. Bf4 e5 14. Bd2 Nb6 15. Rad1 Nxc4 16. Qxc4 d5 17. exd5 Bxd5 18. Qh4 Ne4 19. Qh5 Nxd2 20. Rxd2 Qb7 21. Rxe5 g6 22. Qg4 f5 23. Qf4 Bd6 24. Rde2 Bxe5 25. Rxe5 Rae8 26. d4 bxc3 27. bxc3 Rxe5 28. dxe5 Qb1+ 29. Bf1 Qe4 30. Qxe4 fxe4 31. Ng5 h6 32. Nh3 Rb8 33. Nf4 Ba2 34. Bb5 g5 35. Ne2 Kf7 36. Nc1 Bb1 37. Nb3 Bd3 38. Nxc5 Bxb5 39. axb5 Rxb5 40. Nxe4 Rxe5 41. Nd6+ Ke6 42. Nc4 Rc5 43. Nb2 Rxc3 44. Kf1 Rc2 45. Na4 Ra2 46. Nc3 Rc2 47. Nb5 Kd5 48. Ke1 a4 49. Na3 Ra2 50. Nb5 Kc4 51. Nd6+ Kd3 52. f4 gxf4 53. gxf4 Rxh2 54. f5 a3 55. Nb7 a2 56. Nc5+ Ke3 57. Nb3 Rh1# 0-1

[Event "Pervenstvo PFO 2023_Y19_Rapid"]
[Site "Samara region, Russia"]
[Date "2023.11.11"]
[Round "8.9"]
[White "Kurulev, Egor"]
[Black "Siyalov, Mikhail"]
[Result "0-1"]
[TimeControl "10:5"]
[WhiteFideId "34187097"]
[BlackFideId "24276359"]
[WhiteElo "1332"]
[BlackElo "1691"]

1. e4 d5 2. exd5 Qxd5 3. d4 Qa5+ 4. c3 Nf6 5. h3 Bf5 6. Bd3 Bg6 7. Nf3 c6 8. O-O e6 9. Bf4 Nbd7 10. b4 Qd8 11.
Bxg6 hxg6 12. Ne5 Nxe5 13. Bxe5 Bd6 14. Qe2 Bxe5 15. dxe5 Nd7 16. Nd2 Qe7 17. Nc4 O-O-O 18. b5 c5 19.
Qe4 Nb6 20. Nd6+ Kb8 21. a4 Nc8 22.
Nc4 Qd7 23. Rac1 Qd3 24. Qg4 Qf5 25. Qxf5 gxf5 26. Rcd1 Rxd1 27. Rxd1 Rh4 28. Nd6 Nxd6 29. Rxd6 Kc7 30. a5 Ra4 31. a6 bxa6 32. Rc6+ Kb7 33. Rxc5 a5 34. Rc6 Ra1+ 35.
Kh2 Rd1 36. c4 Rd4 37. Kg3 a4 38. Kf3 a3 39. Ra6 Rxc4 40. Rxa3 Rc5 41. Rd3 Kc7 42. Ra3 Kb8 43. Rb3 Rxe5 44.
g4 fxg4+ 45. Kxg4 Kb7 46. f4 Rd5 47. Kf3 Kb6 48. Ke4 Rxb5 49. Rg3 g6 50. Rd3 Kc7 51. Rc3+ Kd6 52. Rd3+ Ke7 53.
Rc3 Kf6 54. Rc6 Rb4+ 55. Kf3 a5 56. Ra6 a4 57. Ra5 Rb3+ 58. Kg4 a3 59.
h4 Kg7 60. Ra7 a2 61. Rxa2 f5+ 62. Kg5 Rg3# 0-1

[Event "Pervenstvo PFO 2023_Y19_Rapid"]
[Site "Samara region, Russia"]
[Date "2023.11.11"]
[Round "8.10"]
[White "Nigmadzyanov, Ruslan R."]
[Black "Nasyrov, Danil R."]
[Result "0-1"]
[TimeControl "10:5"]
[WhiteFideId "34224670"]
[BlackFideId "34290257"]
[WhiteElo "1542"]
[BlackElo "1234"]

1. e4 e5 2. Nf3 Nc6 3. Bb5 a6 4. Ba4 Nf6 5. O-O Be7 6. d3 b5 7. Bb3 d6 8. a3 O-O 9. Nc3 h6 10. h3 Be6 11. Nd5 Nh7 12. a4 b4 13. a5 Kh8 14. Bd2 f5 15.
Nxb4 Bd7 16. Nd5 f4 17. Nh2 Bh4 18. Qh5 Be8 19. Qg4 Bd7 20. Qe2 Nd4 21. Qd1 f3 22. g4 h5 23. Ba4 Be6 24. c3 Ne2+ 25. Kh1 hxg4 26. hxg4 Qc8 27. Ne3 Ng5 28. Nf5 Bxf2 29.
Rxf2 Bxf5 30. exf5 Ng3+ 31. Kg1 Nh3# 0-1

[ePGN "0.1;DGT LiveChess/2.2.5"]

[Event "Pervenstvo PFO 2023_Y19_Rapid"]
[Site "Samara region, Russia"]
[Date "2023.11.11"]
[Round "9.1"]
[White "Mochalov, Dmitriy"]
[Black "Lydin, Vladislav"]
[Result "1-0"]
[TimeControl "10:5"]
[WhiteFideId "44179634"]
[BlackFideId "44195990"]
[WhiteElo "2194"]
[BlackElo "2005"]

1. d4 Nf6 2. Nf3 g6 3.
g3 Bg7 4. Bg2 O-O 5. O-O d6 6.
b3 c6 7.
Bb2 Nbd7 8. Nbd2 Qc7 9. e3 e5 10.
dxe5 dxe5 11. Qe2 Re8 12. Rad1 b5 13. Ng5 h6 14. Nge4 a5 15. c4 b4 16. Qf3 Bb7 17. c5 Nd5 18.
Nd6 Re7 19. e4 N5f6 20. N2c4 Ba6 21. Qe3 Ng4 22. Qe2 Ngf6 23. f4 exf4 24. Rxf4 Nd5 25. Rxf7 Rxf7 26. exd5 Bxc4 27. Qxc4 Bxb2 28.
Nxf7 Nf6 29. dxc6 Qxf7 30. c7 Re8 31. Rd8 Bd4+ 32. Kh1 Kg7 33. Qxf7+ Kxf7 34. Rxe8 1-0

[Event "Pervenstvo PFO 2023_Y19_Rapid"]
[Site "Samara region, Russia"]
[Date "2023.11.11"]
[Round "9.2"]
[White "Tarasenko, Iaroslav"]
[Black "Konstantinov, Nikita"]
[Result "1-0"]
[TimeControl "10:5"]
[WhiteFideId "44196008"]
[BlackFideId "44165250"]
[WhiteElo "2080"]
[BlackElo "2074"]

1. e4 e5 2. Nf3 Nc6 3. d4 exd4 4. Bc4 Nf6 5. e5 d5 6. Bb5 Ne4 7. Nxd4 Bd7 8.
Bxc6 bxc6 9. O-O Bc5 10. f3 Ng5 11. f4 Ne4 12.
Be3 O-O 13. Nd2 Bxd4 14. Bxd4 Nxd2 15. Qxd2 Bf5 16. h3 Be4 17. f5 Qh4 18. f6 Rfe8 19. Rf4 Qg5 20. Qf2 h5 21. fxg7 Re7 22. Rf1 Bg6 23. h4 Qh6 24. Rf6 Qxg7 25. e6 Qh7 26. exf7+ Rxf7 27. Qg3 Rg7 28.
Rxc6 Be4 29. Bxg7 Qxg7 30. Qxg7+ Kxg7 31. Rxc7+ Kg6 32. Rff7 Rb8 33. b3 a5 34.
Rb7 Rc8 35. Rfc7 Rg8 36. Kf2 Kf6 37. g3 Ke6 38. Ra7 Rf8+ 39. Ke2 Rf3 40. Rg7 Ke5 41. Rxa5 Rc3 42. Re7+ Kf5 43. Raa7 Rxc2+ 44. Kd1 Rg2 45. Rg7 Ke5 46. Ra4 Bf3+ 47. Kc1 Rh2 48.
Rg5+ Kd6 49. b4 Kc6 50. Ra5 Be4 51. Rc5+ Kd6 52. a4 Ra2 53. a5 Bf3 54. Rb5 d4 55. Rb6+ Kc7 56. Rc5+ Kd7 57.
Rc4 d3 58. Rd4+ Kc7 59. Rxd3 Be4 60. Rc3+ Kd7 61. Rc5 1-0

[Event "Pervenstvo PFO 2023_Y19_Rapid"]
[Site "Samara region, Russia"]
[Date "2023.11.11"]
[Round "9.3"]
[White "Berezin, Zachar"]
[Black "Galyaviev, Samat"]
[Result "0-1"]
[TimeControl "10:5"]
[WhiteFideId "44139322"]
[BlackFideId "44168470"]
[WhiteElo "1658"]
[BlackElo "2030"]

1. d4 e6 2. Nc3 d5 3. Bf4 Bd6 4. e3 Ne7 5. Nf3 Ng6 6.
Bg3 O-O 7. Bd3 a6 8. Ne5 Nd7 9. f4 f5 10. Nxg6 hxg6 11. h4 Nf6 12. Qd2 c5 13. O-O-O b5 14. dxc5 Bxc5 15. Ne2 Qb6 16.
Bf2 b4 17. Nd4 a5 18. Rdg1 Ba6 19. g4 Bxd3 20. Qxd3 Bxd4 21. exd4 Nxg4 22. Be1 Qc7 23. Bg3 Qc4 24. Qxc4 dxc4 25. Re1 Kf7 26. h5 gxh5 27. Rxh5 Rh8 28. Rxh8 Rxh8 29.
Kd2 Rh3 30. Rg1 Ke7 31. b3 c3+ 32. Kd3 Kd6 33. Kc4 Kc6 34. a3 Ne3+ 35. Kd3 Nd5 36. Kc4 Nb6+ 37. Kd3 Kd5 38. axb4 axb4 39.
Ke3 Nd7 40. Kf3 Nb8 41. Kg2 Rh8 42. Kf3 Nc6 43. Bf2 Rh3+ 44. Kg2 Rh7 45. Rd1 Rh8 46. Kf3 Ra8 47. Kg2 Ra2 48. Rc1 Na7 49. Kf3 Nb5 50. Kg2 Na3 51. Re1 Rxc2 52. Re5+ Kd6 53. Ra5 Rd2 54. Ra6+ Kd5 55. Ra5+ Ke4 56. Re5+ Kd3 57. d5 exd5 58. Rxd5+ Kc2 59. Rxf5 Kb2 60. Kf3 c2 61.
Rc5 0-1

[Event "Pervenstvo PFO 2023_Y19_Rapid"]
[Site "Samara region, Russia"]
[Date "2023.11.11"]
[Round "9.4"]
[White "Pukhov, Ivan"]
[Black "Ivanov, Matvei"]
[Result "0-1"]
[TimeControl "10:5"]
[WhiteFideId "34301895"]
[BlackFideId "54131987"]
[WhiteElo "1955"]
[BlackElo "1918"]

1. Nf3 Nf6 2. g3 b5 3. Bg2 Bb7 4. O-O e6 5. d3 d5 6. Nbd2 Be7 7. e4 dxe4 8. Ng5 Qc8 9. Ndxe4 Nxe4 10. Nxe4 Nd7 11.
a4 b4 12. Qg4 g6 13. Qe2 Nf6 14. Bg5 Nxe4 15. Bxe7 Nxg3 16. Qe5 Kxe7 17. fxg3 Rf8 18. Qc5+ Ke8 19. Bxb7 Qxb7 20. Rae1 Qb6 21. Re5 Qxc5+ 22. Rxc5 Kd7 23. a5 Rab8 24. Rf4 Kd6 25.
Rcc4 b3 26. Rfd4+ Ke5 27. Re4+ Kf6 28.
Rxc7 bxc2 29. Rxc2 Rb5 30. b4 Rfb8 31. Rf4+ Rf5 32. Rcc4 Rxf4 33.
Rxf4+ Ke7 34. Kf2 e5 35.
Rc4 Kd6 36. Ke2 f5 37. Kd2 g5 38. Ke3 Rb5 39. d4 e4 40. g4 Kd5 41. Rc5+ Rxc5 42. bxc5 f4+ 43. Ke2 a6 44. h3 h6 45. Ke1 Kc6 46. Ke2 Kb5 47.
Kd2 f3 48. Ke3 Kxa5 49. d5 Kb5 50. d6 Kc6 51. Kd4 0-1

[Event "Pervenstvo PFO 2023_Y19_Rapid"]
[Site "Samara region, Russia"]
[Date "2023.11.11"]
[Round "9.5"]
[White "Sadykov, Ilgiz A."]
[Black "Ermakov, Maxim"]
[Result "1-0"]
[TimeControl "10:5"]
[WhiteFideId "34286217"]
[BlackFideId "54174996"]
[WhiteElo "1675"]
[BlackElo "1766"]

1. d4 c5 2. d5 e6 3. c4 Nf6 4. Nc3 exd5 5.
cxd5 d6 6. e4 g6 7. h3 Bg7 8. Nf3 O-O 9. Be2 b5 10. Qc2 b4 11. Nd1 Bb7 12. O-O Nbd7 13. Bf4 Qb6 14. Nd2 Ne5 15. Bxe5 dxe5 16. Nc4 Qc7 17. Nde3 Ne8 18. Rfd1 Rc8 19.
Rac1 Ba6 20. d6 Qd7 21. Bg4 f5 22. exf5 h5 23. f6 hxg4 24. fxg7 Nxg7 25. Nxe5 Qe6 26. N3xg4 Nf5 27. d7 Rcd8 28. Qxc5 Qxa2 29. Nxg6 Rf7 30. N4e5 Rf6 31. Ne7+ Nxe7 32.
Qxe7 Rff8 33. Rd6 1-0

[Event "Pervenstvo PFO 2023_Y19_Rapid"]
[Site "Samara region, Russia"]
[Date "2023.11.11"]
[Round "9.6"]
[White "Nasyrov, Danil R."]
[Black "Gimazetdinov, Amir"]
[Result "1-0"]
[TimeControl "10:5"]
[WhiteFideId "34290257"]
[BlackFideId "54142440"]
[WhiteElo "1234"]
[BlackElo "1749"]

1. d4 d5 2. c4 dxc4 3. e3 Nf6 4. Bxc4 e6 5. Nc3 c5 6. Nf3 a6 7. a4 Nc6 8. O-O b6 9. b3 Bb7 10. Ba3 cxd4 11. Bxf8 dxc3 12. Qxd8+ Rxd8 13. Bxg7 Ke7 14. Bxh8 Rxh8 15. Rfc1 Rg8 16. Rxc3 Ne5 17. Nxe5 Bxg2 18. h3 b5 19. axb5 axb5 20.
Ra7+ Ke8 21. Bd3 Bd5+ 22. Kf1 1-0

[Event "Pervenstvo PFO 2023_Y19_Rapid"]
[Site "Samara region, Russia"]
[Date "2023.11.11"]
[Round "9.7"]
[White "Sengatullin, Aidar"]
[Black "Evtukhov, Lev"]
[Result "1-0"]
[TimeControl "10:5"]
[WhiteFideId "34189138"]
[BlackFideId "44173210"]
[WhiteElo "1376"]
[BlackElo "1923"]

1. e4 e5 2. Nf3 d5 3. Nxe5 Bd6 4. d4 dxe4 5. Bf4 Nf6 6. Bc4 O-O 7. O-O Nc6 8. Nxc6 bxc6 9. Bg5 h6 10.
Bh4 g5 11. Bg3 Bf4 12. Nc3 Qd6 13.
Re1 Bf5 14. d5 c5 15. Nb5 Qe7 16. Bxf4 gxf4 17. d6 cxd6 18. Qxd6 Qxd6 19. Nxd6 Bg6 20. h4 h5 21. Rad1 Rad8 22. c3 Kg7 23. Nb7 Rb8 24.
Nxc5 Rxb2 25. Bb3 Ng4 26. Nxe4 Bxe4 27. Rxe4 Nxf2 28. Rxf4 Nxd1 29. Bxd1 Rb1 30. Rd4 Rc8 31. Kh2 Rxc3 32. Bxh5 Rc7 33. Bf3 Rb2 34. Bd5 Rd7 35.
Rg4+ Kh6 36. Bb3 Rf2 37. Rg8 Kh7 38. Rg5 Rd4 39. Kg3 Rf6 40. Ra5 a6 41. Rg5 Kh6 42. Kh3 Rf1 43. Ra5 Rd6 44.
Kh2 Rf4 45. Kg3 Rff6 46. Kh3 Kg7 47. h5 Rf1 48. Bc4 Rff6 49. g4 Rd4 50. Bxa6 Rf3+ 51. Kh4 f5 1-0

[Event "Pervenstvo PFO 2023_Y19_Rapid"]
[Site "Samara region, Russia"]
[Date "2023.11.11"]
[Round "9.8"]
[White "Babkov, Timofey"]
[Black "Rekonchishek, Egor"]
[Result "1-0"]
[TimeControl "10:5"]
[WhiteFideId "54135931"]
[BlackFideId "34221476"]
[WhiteElo "1855"]
[BlackElo "1569"]

1. e4 e6 2. d4 d5 3. Nc3 Nf6 4. Bg5 dxe4 5. Nxe4 Nbd7 6. Nf3 Be7 7. Nxf6+ Nxf6 8. Bd3 O-O 9. O-O c5 10. c3 cxd4 11. Nxd4 a6 12. Re1 h6 13. Bh4 Bd7 14. Qf3 Qb6 15. Nf5 Bd8 16. Nxh6+ gxh6 17. Bxf6 Bxf6 18. Qxf6 Qd8 19. Qxh6 f5 20. Re3 Qf6 21. Rg3+ Kf7 22. Qh7+ Ke8 23. Rg7 Bc6 24. Rd1 Rd8 25. Qh5+ Rf7 26. Rg8+ Ke7 27. Rxd8 Kxd8 28. Bb5+ Kc7 29. Bxc6 bxc6 30. Qe2 Kb7 31. Rd4 e5 32. Rb4+ Ka7 33. Qe3+ Ka8 34. Qb6 1-0

[Event "Pervenstvo PFO 2023_Y19_Rapid"]
[Site "Samara region, Russia"]
[Date "2023.11.11"]
[Round "9.9"]
[White "Siyalov, Mikhail"]
[Black "Kononenko, Nikita"]
[Result "0-1"]
[TimeControl "10:5"]
[WhiteFideId "24276359"]
[BlackFideId "54175682"]
[WhiteElo "1691"]
[BlackElo "1774"]

1. e4 e5 2. Nf3 Nc6 3.
Bb5 a6 4. Bxc6 dxc6 5. O-O Bg4 6. d3 Bd6 7. Nbd2 Qf6 8. h3 h5 9. Nc4 Bxf3 10. Qxf3 Qxf3 11. gxf3 Ne7 12. f4 exf4 13. Nxd6+ cxd6 14. Bxf4 Kd7 15.
Bd2 g5 16. f4 g4 17. Kg2 f5 18. h4 Rhf8 19. Kg3 Rae8 20. Rae1 fxe4 21. dxe4 d5 22. f5 dxe4 23. f6 Nd5 24. f7 Re7 25. c4 e3 26. Ba5 b6 27. cxd5 bxa5 28. dxc6+ Kxc6 29. Rf6+ Kb7 30. Re2 Rfxf7 31. Rxf7 Rxf7 32. Rxe3 Rf5 33. Kg2 Kb6 34. Re6+ Kb5 35. Rg6 Rd5 36. Kg3 a4 37. Kf4 a5 38. Ke4 Kc5 39. Ra6 Rd4+ 40. Ke3 Kb5 41.
Rg6 Rd5 42. Ke4 Rc5 43. Rg5 Kc4 44. Ke3 Rb5 45. Ke4 Rc5 46. Ke3 Rxg5 47. hxg5 Kd5 48. Kf4 Ke6 49. Kg3 Kf5 50. Kh4 Kg6 51.
a3 Kg7 0-1

[Event "Pervenstvo PFO 2023_Y19_Rapid"]
[Site "Samara region, Russia"]
[Date "2023.11.11"]
[Round "9.10"]
[White "Azizyan, Levon"]
[Black "Kurulev, Egor"]
[Result "1/2-1/2"]
[TimeControl "10:5"]
[WhiteFideId "44151888"]
[BlackFideId "34187097"]
[WhiteElo "1940"]
[BlackElo "1332"]

1. b3 d5 2. Bb2 Nf6 3.
e3 e6 4. f4 a6 5. Nf3 Be7 6.
Be2 O-O 7. O-O c5 8. Ne5 Nc6 9. Nxc6 bxc6 10. d3 Qb6 11. c4 a5 12. Nc3 a4 13. Qc2 a3 14. Bc1 Qc7 15. e4 Bb7 16. g4 Ne8 17. Bf3 Qd7 18.
Bd2 Rd8 19. Rad1 Nc7 20. Bc1 Ra8 21. Na4 Qd8 22. Bxa3 f5 23. Bxc5 Bxc5+ 24. Nxc5 Bc8 25. exf5 exf5 26. g5 Ne6 27. Nxe6 Bxe6 28. Rde1 Bf7 29.
c5 Qc7 30. Re5 Rfe8 31. Rfe1 Rxe5 32. Rxe5 Qa5 33. Rxf5 Qe1+ 34. Kg2 Re8 35. d4 Bg6 36. Bg4 Bxf5 37. Qxf5 Qd2+ 38. Kg3 Re3+ 39. Bf3 Qe1+ 40. Kg2 Re8 41. Qd7 Qe6 42. Qxe6+ Rxe6 43. Kf2 h6 44. h4 hxg5 45.
hxg5 Re7 46. a4 Kf7 47. b4 Ra7 48.
b5 Ke6 49. Bg4+ Ke7 50. bxc6 Kd8 51.
Bd1 Kc7 52. Kf3 Kxc6 53. Kg4 Re7 54.
Bf3 Re3 55. f5 Rd3 56. f6 gxf6 57. g6 Rxd4+ 58. Kf5 Rxa4 59. Ke6 Kxc5 60. g7 Ra8 61. Bxd5 Rg8 62. Kxf6 Rxg7 63. Kxg7 1/2-1/2